 Dungeon Crawl Stone Soup version 0.27.1-33-g824d729ab1 (webtiles) character file.

Game seed: 13965596918662004939

28 zeram the Covered (level 3, -2/33 HPs)
             Began as a Deep Elf Fighter on Nov 28, 2021.
             Succumbed to an adder's poison
             ... on level 1 of the Dungeon.
             The game lasted 00:01:56 (1129 turns).

zeram the Covered (Deep Elf Fighter)                Turns: 1129, Time: 00:01:56

Health: -2/33      AC:  6    Str: 13    XL:     3   Next: 0%
Magic:  7/7        EV:  6    Int: 13    God:
Gold:   56         SH:  8    Dex: 14    Spells: 4/4 levels left

rFire    . . .     SeeInvis .   a - +0 rapier
rCold    . . .     Faith    .   c - +0 kite shield
rNeg     . . .     Spirit   .   b - +0 scale mail
rPois    .         Reflect  .   (no helmet)
rElec    .         Harm     .   (no cloak)
rCorr    .         Rampage  .   (no gloves)
Will     .....                  (no boots)
Stlth    ..........             (no amulet)
HPRegen  0.11/turn              (no ring)
MPRegen  0.10/turn              (no ring)

@: berserking, lethally poisoned (-2 -> -16), very quick
A: no striking features
a: no special abilities


You were on level 1 of the Dungeon.
You visited 1 branch of the dungeon, and saw 2 of its levels.

You collected 56 gold pieces.

Inventory:

Hand Weapons
 a - a +0 rapier (weapon)
Armour
 b - a +0 scale mail (worn)
 c - a +0 kite shield (worn)
Potions
 d - a potion of might
 e - a potion of brilliance {unknown}
 g - a potion of berserk rage
 i - a potion of haste {unknown}
 j - a potion of ambrosia
 l - a potion of lignification {unknown}


   Skills:
 + Level 2.7 Fighting
 - Level 2.0 Short Blades
 + Level 2.7 Armour
 + Level 2.7 Shields
 * Level 1.3 Spellcasting


You had 4 spell levels left.
You didn't know any spells.
Your spell library contained the following spells:

 Spells                   Type           Power      Damage    Failure   Level
 Conjure Flame            Conj/Fire      0%         6-21      100%        3
 Ignite Poison            Fire/Tmut/Pois 0%         N/A       100%        3
 Sticky Flame             Conj/Fire      0%         2d3       100%        4


Dungeon Overview and Level Annotations

Branches:
Dungeon (2/15)

Altars:


Message History

The adder bites you.
You are poisoned.
The adder poisons you!
You closely miss the adder.
The adder is severely wounded.
You feel sick. The adder barely misses you.
The frilled lizard bites you but does no damage.
The adder bites you.
You are more poisoned.
The adder poisons you!
You feel very sick.
The frilled lizard bites you but does no damage.
The adder barely misses you.
You feel sick.
The frilled lizard bites you but does no damage.
There is a stone staircase leading up here.
You feel sick. The frilled lizard bites you.
The adder bites you but does no damage.
You climb upwards.
* * * LOW HITPOINT WARNING * * *
You feel sick.
There is a stone staircase leading down here.
A red film seems to cover your vision as you go berserk!
You feel yourself moving faster!
You feel mighty!
You feel sick. The adder bites you.
* * * LOW HITPOINT WARNING * * *
You are lethally poisoned!
The adder poisons you!
The frilled lizard bites you but does no damage.
You miss the adder.
The adder is severely wounded.
* * * LOW HITPOINT WARNING * * *
You feel sick. The adder bites you.
* * * LOW HITPOINT WARNING * * *
You are more poisoned.
The adder poisons you! You block the frilled lizard's attack.
The adder barely misses you.
You miss the adder.
The adder is severely wounded.
You die...

.........# #.....(........#
.........# #..............#
.############.............#
............#.............#
..........).##.#.###......#
............##.#.# #......#
............##...# #......#####
###.....#######.S# #..........#
#.....##......@###....#####.#
#.....##....#.l..#....#####.###
###.....##....+....#.............
........##....#....##............
......(.##.........##............
........##..........#......†.....
....................#............
....##........#.....#............
######...(.......##.#............


You could see an adder and a frilled lizard.

Vanquished Creatures
  A dart slug (D:1)
  5 ball pythons
  6 endoplasms
  2 hobgoblins
  3 bats
  2 frilled lizards (D:1)
  A goblin (D:2)
  2 kobolds (D:1)
  4 rats
26 creatures vanquished.

Notes
Turn   | Place    | Note
-------+----------+-------------------------------------------
     0 | D:1      | zeram the Deep Elf Fighter began the quest for the Orb.
     0 | D:1      | Reached XP level 1. HP: 13/13 MP: 3/3
   250 | D:1      | Found a faded altar of an unknown god.
   355 | D:1      | Reached XP level 2. HP: 18/18 MP: 5/5
   483 | D:1      | Reached skill level 1 in Spellcasting
  1108 | D:2      | Reached XP level 3. HP: 22/22 MP: 7/7
  1128 | D:1      | HP: 1/33 [adder (3)]
  1129 | D:1      | Succumbed to an adder's poison

Illustrated notes

Levels and vault maps discovered:
D:1:      psy_arrival_spokes, layout_basic, ebering_ecumenical_altar_abandoned,
          minmay_misc_feat_diagonals, minmay_misc_feat_rows
D:2:      layout_loops_ring, basic_altar, minmay_misc_feat_chi

Skill      XL: |  1  2 |
---------------+-------+-----
Spellcasting   | 1 |  1.3
Fighting       | |  2.7
Short Blades   | |  2.0
Armour         | |  2.7
Shields        | |  2.7

Action                   || total
-------------------------++-------
Melee: Rapier            ||    72
  Use: Scroll            ||     5
       Potion            ||     1
Armor: Scale mail        ||    30
Dodge: Dodged            ||    17
Block: Kite shield       ||    30
